 Dungeon Crawl Stone Soup version 0.22.0-75-g3901e79 (webtiles) character file.

312 Fang the Chopper (level 6, -1/39 HPs)
             Began as a Gargoyle Berserker on Sept 14, 2018.
             Was a Priest of Trog.
             Killed from afar by an orc wizard (8 damage)
             ... with a magic dart
             ... on level 4 of the Dungeon.
             The game lasted 00:03:15 (3625 turns).

Fang the Chopper (Gargoyle Berserker)               Turns: 3625, Time: 00:03:15

Health: -1/39      AC:  6    Str: 23    XL:     6   Next: 42%
Magic:  6/6        EV: 12    Int:  7    God:    Trog [***...]
Gold:   105        SH:  0    Dex:  9    Spells: 5/5 levels left

rFire    . . .     SeeInvis .   a - +1 hand axe
rCold    . . .     Gourm    .   (no shield)
rNeg     + . .     Faith    +   b - +0 animal skin
rPois    ∞         Spirit   .   (no helmet)
rElec    +         Reflect  .   (no cloak)
rCorr    .         Harm     .   (no gloves)
MR       .....                  (no boots)
Stlth    +.........             l - amulet of faith
HPRegen  0.13/turn              (no ring)
MPRegen  0.10/turn              (no ring)

@: berserk cooldown, slowed, very slow
A: negative energy resistance 1, electricity resistance, unbreathing,
petrification resistance, rot immunity, AC +4
a: Berserk, Trog's Hand, Renounce Religion


You were on level 4 of the Dungeon.
You worshipped Trog.
Trog was most pleased with you.
You were hungry.

You visited 1 branch of the dungeon, and saw 4 of its levels.

You collected 105 gold pieces.

Inventory:

Hand Weapons
 a - a +1 hand axe (weapon)
Armour
 b - a +0 animal skin (worn)
Jewellery
 l - an amulet of faith (around neck)
Scrolls
 d - 2 scrolls of identify
 g - 2 scrolls of remove curse
 i - a scroll of fog
Potions
 e - a potion of might
 f - a potion of degeneration
 h - a potion of curing
 j - 2 potions of agility
Comestibles
 c - 6 rations


   Skills:
 + Level 4.3 Fighting
 + Level 5.0 Axes
 + Level 2.3 Armour
 + Level 3.0 Dodging
 + Level 0.8 Stealth


You had 5 spell levels left.
You didn't know any spells.
Your spell library was empty.

Dungeon Overview and Level Annotations

Branches:
Dungeon (4/15)
 Temple: D:4-7

Altars:
Cheibriados
Okawaru
Qazlal
Sif Muna
Trog
Uskayaw
Yredelemnul
The Shining One


Innate Abilities, Weirdness & Mutations

You are resistant to torment.
Your stone body is resilient. (AC +4)
You are immune to poison.
You resist negative energy. (rN+)
You are resistant to electric shocks. (rElec)
You can survive without breathing.
You are immune to petrification.
You are immune to rotting.


Message History

The orc wizard hits you but does no damage.
You hit the orc wizard but do no damage.
The orc wizard is almost dead.
The orc wizard casts a spell at you. You resist with some effort.
The orc wizard hits you with a dagger.
* * * LOW HITPOINT WARNING * * *
You hit the orc wizard.
The orc wizard is almost dead.
The orc wizard misses you.
You closely miss the orc wizard.
The orc wizard is almost dead.
The orc wizard hits you but does no damage. x2
You barely miss the orc wizard.
The orc wizard is almost dead.
The orc wizard barely misses you.
You hit the orc wizard but do no damage.
The orc wizard is almost dead.
The orc wizard points at you and mumbles some strange words.
The magic dart hits you!
You die...

..#.# #.# ..#.#
#.# #.#.#####.#
#.#.......#
#.###.#.#######
#.....†.#
#####...#
...#†..#
#.#@o.# #...#.#
#####>.. ..###
.# .# .#


You could see an orc wizard.

Vanquished Creatures
  A howler monkey (D:4)
  A hound (D:4)
  2 worker ants (D:4)
  3 gnolls (D:2)
  7 adders
  An ooze (D:1)
  2 dart slugs (D:1)
  6 leopard geckos
  5 orcs
  4 bats
  4 giant cockroaches
  10 hobgoblins
  9 jackals
  A quokka (D:2)
  10 frilled lizards
  2 goblins (D:2)
  4 kobolds (D:2)
  A quokka skeleton (D:4)
  26 rats
99 creatures vanquished.

Notes
Turn   | Place    | Note
-------+----------+-------------------------------------------
     0 | D:1      | Fang the Gargoyle Berserker began the quest for the Orb.
     0 | D:1      | Reached XP level 1. HP: 14/14 MP: 1/1
    94 | D:1      | Reached XP level 2. HP: 13/19 MP: 2/2
   376 | D:1      | Reached skill level 3 in Axes
   819 | D:1      | Reached XP level 3. HP: 24/24 MP: 3/3
   889 | D:1      | Reached ** piety under Trog
  1225 | D:2      | Reached XP level 4. HP: 28/29 MP: 4/4
  1665 | D:2      | Found a bloodstained altar of Trog.
  1708 | D:2      | Found an iron altar of Okawaru.
  1715 | D:2      | Reached skill level 4 in Axes
  1720 | D:2      | Reached XP level 5. HP: 33/33 MP: 5/5
  2128 | D:2      | Found a snail-covered altar of Cheibriados.
  2147 | D:2      | Reached *** piety under Trog
  2150 | D:2      | Found a glowing golden altar of the Shining One.
  2151 | D:2      | Found a basalt altar of Yredelemnul.
  2151 | D:2      | Found a deep blue altar of Sif Muna.
  2156 | D:2      | Found a stormy altar of Qazlal.
  2639 | D:3      | Found a hide-covered altar of Uskayaw.
  3366 | D:4      | Reached XP level 6. HP: 27/39 MP: 6/6
  3604 | D:4      | Reached skill level 5 in Axes
  3625 | D:4      | Killed from afar by an orc wizard

Skill      XL: |  1  2  3  4  5  6 |
---------------+-------------------+-----
Axes           | 3 4 5 |  5.0
Dodging        | 2 3 |  3.0
Fighting       | 4 |  4.3
Armour         | |  2.3
Stealth        | |  0.8

Action                   |  1- 3 |  4- 6 || total
-------------------------+-------+-------++-------
Melee: Hand axe          |   121 |   253 ||   374
Invok: Berserk           |     2 |     3 ||     5
  Use: Scroll            |       |     7 ||     7
  Eat: Chunk             |     3 |     7 ||    10
       Ration            |       |     1 ||     1
Armor: Animal skin       |    30 |   102 ||   132
Dodge: Dodged            |    95 |   192 ||   287
